 Dungeon Crawl Stone Soup version 0.23.2-11-gf996548c65 (webtiles) character file.

Game seed: 4777056458743170854

16 Elsur the Grave Robber (level 2, -1/15 HPs)
             Began as a Deep Elf Necromancer on June 4, 2019.
             Killed from afar by a dart slug (4 damage)
             ... with a slug dart
             ... on level 1 of the Dungeon.
             The game lasted 00:18:50 (828 turns).

Elsur the Grave Robber (Deep Elf Necromancer)        Turns: 828, Time: 00:18:50

Health: -1/15      AC:  2    Str:  5    XL:     2   Next: 41%
Magic:  7/8        EV: 13    Int: 19    God:
Gold:   47         SH:  0    Dex: 15    Spells: 6/8 levels left

rFire    . . .     SeeInvis .   i - +0 hand axe
rCold    . . .     Gourm    .   (no shield)
rNeg     . . .     Faith    .   a - +0 robe
rPois    .         Spirit   .   (no helmet)
rElec    .         Reflect  .   (no cloak)
rCorr    .         Harm     .   (no gloves)
MR       .....                  (no boots)
Stlth    ++........             (no amulet)
HPRegen  0.05/turn              (no ring)
MPRegen  0.11/turn              (no ring)

@: no status effects
A: no striking features
a: no special abilities


You were on level 1 of the Dungeon.
You were not hungry.

You visited 1 branch of the dungeon, and saw 1 of its levels.

You collected 47 gold pieces.

Inventory:

Hand Weapons
 i - a +0 hand axe (weapon)
Missiles
 b - 7 tomahawks (quivered)
 f - 14 poisoned needles
Armour
 a - a +0 robe (worn)
Scrolls
 g - 2 scrolls of teleportation {unknown}
Potions
 d - a potion of haste {unknown}
Comestibles
 c - a ration
 h - 5 chunks of flesh


   Skills:
 + Level 2.5 Dodging
 + Level 2.5 Stealth
 + Level 3.5 Spellcasting
 + Level 5.3 Necromancy


You had 6 spell levels left.
You knew the following spells:

 Your Spells              Type           Power        Failure   Level  Hunger
a - Pain                  Necr           ###.         1%          1    None
b - Animate Skeleton      Necr           N/A          1%          1    None

Your spell library contained the following spells:

 Spells                   Type           Power        Failure   Level  Hunger
 Vampiric Draining        Necr           ###.......   4%          3    ###....
 Regeneration             Chrm/Necr      ##........   14%         3    ###....
 Animate Dead             Necr           N/A          16%         4    ####...


Dungeon Overview and Level Annotations

Branches:
Dungeon (1/15)

Altars:


Message History

Your ball python skeleton barely misses the kobold.
Your ball python skeleton grabs the kobold.
Your ball python skeleton constricts the kobold.
Casting: Pain (safe; 1% risk of failure)
Confirm with . or Enter, or press ? or * to list all spells.
Aiming: Pain (safe; 1% risk of failure)
Press: ? - help, Shift-Dir - straight line, f - giant cockroach
Aim: a giant cockroach (clinging, chance to defeat MR: 92%)
The giant cockroach writhes in agony!
You kill the giant cockroach!
The frilled lizard bites you.
The kobold throws a stone.
The stone barely misses you. The kobold hits you.
* * * LOW HITPOINT WARNING * * *
The dart slug launches a dart at you. The slug dart misses you.
Your ball python skeleton bites the kobold but does no damage.
Your ball python skeleton constricts the kobold.
The dart slug launches a dart at you. The slug dart hits you.
You die...

###.# #.# .K #.# .#
#.#### .# . #..[.# .##
#.. ####.## .)##...
##...## ###......#
##.....######..lw..w#
..............#.@.....##
####.....####.#†K......#
##...## #...ZZ......
##.## ###......... #.#
#.......#. #. #.$.....#
.. ####.#### .# ##


You could see 2 dart slugs, 2 kobolds, a frilled lizard, a friendly ball python
skeleton and a friendly kobold skeleton.

Vanquished Creatures
  3 dart slugs (D:1)
  2 giant cockroaches (D:1)
  2 bats (D:1)
  A kobold (D:1)
  2 rats (D:1)
  A plant (D:1)
11 creatures vanquished.

Vanquished Creatures (collateral kills)
  A giant cockroach (D:1)
  A ball python (D:1)
2 creatures vanquished.

Grand Total: 13 creatures vanquished

Notes
Turn   | Place    | Note
-------+----------+-------------------------------------------
     0 | D:1      | Elsur the Deep Elf Necromancer began the quest for the Orb.
     0 | D:1      | Reached XP level 1. HP: 10/10 MP: 6/6
    27 | D:1      | Reached skill level 5 in Necromancy
   628 | D:1      | Reached XP level 2. HP: 8/15 MP: 5/8
   631 | D:1      | Learned a level 1 spell: Animate Skeleton
   828 | D:1      | Killed from afar by a dart slug

Skill      XL: |  1 |
---------------+----+-----
Necromancy     | 5 |  5.3
Dodging        | |  2.5
Stealth        | |  2.5
Spellcasting   | |  3.5

Action                   || total
-------------------------++-------
Melee: Unarmed           ||   416
 Cast: Pain              ||    20
       Animate Skeleton  ||     3
  Use: Scroll            ||     1
  Eat: Chunk             ||     1
Armor: Ring mail         ||     2
Dodge: Dodged            ||    15
